AoeStats
← tigremaster

Arena

508926714Analyzed
2v2 RM · 7d ago on Sep 24, 2026· 57m 58s· 4 players
Game mode
Random Map
Map size
Medium (4 player)
Population
200
Speed
Normal
Resources
Standard
Victory
Conquest
Starting age
Dark Age
Ending age
Imperial Age
RankedLock teamsTeams togetherTeam positionsShared explorationLock speedFull tech treeHidden civsTurbo modeCheats
Victory
Defeat
🇪🇸 Byzantines · Spain
1299
+11
🇨🇴 Berbers · Colombia
1242
+14
🇺🇸 Danes · United States
1232
-14
🇦🇷 Poles · Argentina
1154
-11
jairogut
10:37 Feudal Age
15:40 Castle Age
13:46 Double-Bit Axe
15:02 Horse Collar
17:08 Forging
17:15 Loom
19:06 Wheelbarrow
23:57 Fervor
25:25 Padded Archer Armor
27:28 Fletching
28:23 Leather Archer Armor
28:11 Town Watch
29:12 Bloodlines
29:10 Bodkin Arrow
30:44 Ballistics
30:51 Husbandry
33:09 Scale Mail Armor
33:45 Iron Casting
32:34 Light Cavalry
34:06 Scale Barding Armor
38:12 Imperial Age
36:00 Thumb Ring
39:12 Chain Barding Armor
39:29 Fortified Wall
39:30 Masonry
40:13 Elite Genitour
41:44 Ring Archer Armor
41:15 Bracer
40:48 Heavy Camel Rider
43:22 Chemistry
46:49 Plate Barding Armor
50:31 Blast Furnace
50:07 Plate Barding Armor
51:30 Heavy Plow
51:57 Maghrebi Camels
53:08 Kasbah
57:30 Bow Saw
ztarug93
11:39 Feudal Age
12:48 Double-Bit Axe
15:33 Castle Age
13:27 Horse Collar
16:24 Husbandry
16:42 Bow Saw
18:52 Fervor
23:19 Light Cavalry
24:42 Scale Barding Armor
24:46 Loom
25:07 Heavy Plow
25:54 Wheelbarrow
26:19 Sanctity
26:47 Chain Barding Armor
27:35 Hand Cart
31:54 Imperial Age
30:06 Forging
31:15 Fletching
33:12 Plate Barding Armor
32:26 Arrowslits
33:42 Chemistry
33:40 Conscription
34:33 Two-Man Saw
34:18 Gold Mining
34:19 Stone Mining
35:04 Logistica
36:19 Crop Rotation
36:51 Gold Shaft Mining
36:52 Stone Shaft Mining
36:33 Elite Cataphract
39:53 Iron Casting
40:12 Block Printing
43:31 Bodkin Arrow
43:58 Ballistics
45:26 Bracer
49:40 Scale Mail Armor
50:32 Squires
50:17 Arson
50:49 Chain Mail Armor
50:28 Elite Varangian Guard
51:28 Pikeman
52:40 Plate Mail Armor
52:09 Halberdier
55:02 Caravan
drcardio4361
9:17 Loom
11:05 Feudal Age
12:11 Loom
15:11 Castle Age
13:38 Double-Bit Axe
14:45 Horse Collar
22:47 Wheelbarrow
22:15 Heavy Plow
23:52 Bow Saw
25:24 Gold Mining
30:05 Imperial Age
27:40 Devotion
28:00 Scale Mail Armor
29:30 Squires
29:50 Chain Mail Armor
31:26 Plate Mail Armor
31:03 Elite Varangian Guard
33:09 Fletching
34:31 Forging
34:40 Siege Engineers
36:04 Chemistry
36:22 Iron Casting
36:54 Hand Cart
36:25 Town Watch
38:05 Blast Furnace
37:43 Ballistics
37:33 Murder Holes
37:38 Arson
38:06 Pikeman
39:42 Conscription
39:58 Halberdier
41:36 Gold Shaft Mining
44:00 Bodkin Arrow
44:46 Stone Mining
48:57 Bracer
48:51 Capped Ram
50:04 Siege Ram
50:12 Northmen's Fury
53:44 Town Patrol
55:14 Crossbowman
55:59 Thumb Ring
56:04 Padded Archer Armor
tigremaster
10:23 Feudal Age
15:07 Castle Age
13:32 Double-Bit Axe
15:13 Horse Collar
15:25 Fletching
16:49 Padded Archer Armor
17:23 Gold Mining
27:27 Bodkin Arrow
26:54 Elite Skirmisher
29:39 Wheelbarrow
32:45 Town Watch
33:36 Thumb Ring
34:29 Leather Archer Armor
34:43 Hand Cart
37:18 Imperial Age
34:37 Light Cavalry
35:20 Heavy Plow
36:23 Forging
36:21 Scale Barding Armor
36:44 Bloodlines
36:36 Husbandry
38:28 Bracer
38:15 Heavy Mounted Crossbowman
41:59 Crop Rotation
46:03 Winged Hussar
51:37 Chemistry
Connection lost

Rejoining the realm…

Still unreachable

The connection could not be restored.

Session expired

The server has moved on; the page needs a fresh start.